 Dungeon Crawl Stone Soup version 0.29.1-15-g9cfb28693d (webtiles) character file.

Game seed: 6552102321505936724

5054 HOAXBANE the Cruncher (level 10, -6/118 HPs)
             Began as a Human Artificer on Mar 3, 2023.
             Was a Believer of Ru.
             Mangled by an ice devil (21 damage)
             ... summoned by a kobold demonologist
             ... in a bailey.
             The game lasted 01:15:22 (10201 turns).

HOAXBANE the Cruncher (Human Artificer)            Turns: 10201, Time: 01:15:23

Health: -6/118     AC: 39    Str: 17    XL:     10   Next: 86%
Magic:  0/10       EV:  2    Int: 12    God:    Ru [**....]
Gold:   235        SH:  0    Dex: 13    Spells: 9/9 levels left

rFire   . . .      SeeInvis .   y - +7 staff of the Meek {protect, meekguard}
rCold   . . .      Faith    .   (shield currently unavailable)
rNeg    . . .      Spirit   +   (body armour currently unavailable)
rPois   +          Reflect  .   (helmet currently unavailable)
rElec   .          Harm     .   (cloak currently unavailable)
rCorr   .          Rampage  .   (gloves currently unavailable)
Will    .....      NoTele   +   (boots currently unavailable)
Stlth   +++.......              k - amulet of guardian spirit
HPRegen 0.29/turn               l - ring of flight
MPRegen 0.12/turn               (no ring)

@: tree-form, under a protective aura, unable to read
A: stationary, stasis, torment immunity, boosted hp, inability to read after
injury 2, no conjurations magic, no poison magic, no transmutations magic
a: Renounce Religion


You were in a bailey.
You worshipped Ru.
Ru was pleased with you.
You were a tree.
You visited 1 branch of the dungeon, and saw 7 of its levels.
You also visited: Ossuary and Bailey.

You collected 235 gold pieces.

Inventory:

Hand Weapons
 y - the +7 staff of the Meek (weapon) {protect, meekguard}
   (You found it on level 3 of the Dungeon)

   It grants its wielder temporary protection when it strikes (+7 to AC).
   It provides extra protection to wielders with little health.
 B - the +6 mace of Buxoin {venom, Str+4 Int+3}
   (You found it on level 4 of the Dungeon)

   It poisons the flesh of those it strikes.
   Str:       It affects your strength (+4).
   Int:       It affects your intelligence (+3).
Missiles
 t - 5 poisoned darts (quivered)
Armour
 a - a +1 ring mail of fire resistance
 j - a +2 helmet (melded)
 w - a +0 buckler
 x - a +4 scale mail (melded)
Jewellery
 k - an amulet of guardian spirit (around neck)
 l - a ring of flight (left branch)
Wands
 c - a wand of flame (9)
 d - a wand of charming (15)
 e - a wand of iceblast (5)
 u - a wand of paralysis (14)
Scrolls
 b - 2 scrolls of acquirement
 f - a scroll of immolation {unknown}
 h - a scroll of silence
 i - a scroll of blinking
 q - 3 scrolls of fear
 r - a scroll of poison
 v - 4 scrolls of teleportation
Potions
 g - a potion of berserk rage
 m - a potion of magic
 n - a potion of attraction
 o - 4 potions of curing
 p - 2 potions of heal wounds
 s - a potion of might
 z - a potion of brilliance {unknown}
 A - 2 potions of lignification
 C - a potion of ambrosia
 D - a potion of haste


   Skills:
 - Level 7.0 Fighting
 - Level 9.3 Staves
 - Level 6.2 Armour
 - Level 6.0 Dodging
 - Level 5.0 Stealth
 + Level 2.0 Shields
 - Level 3.0 Evocations


You had 9 spell levels left.
You didn't know any spells.
Your spell library contained the following spells:

 Spells                   Type           Power      Damage    Failure   Level
 Necrotise                Necr           0%         1d4       32%         1
 Sublimation of Blood     Necr           0%         N/A       45%         2
 Gell's Gravitas          Tloc           0%         N/A       69%         3
 Teleport Other           Tloc           0%         N/A       69%         3
 Vampiric Draining        Necr           0%         2d6       69%         3
 Agony                    Necr           0%         N/A       100%        5
 Dispersal                Tloc           0%         N/A       100%        6
 Ozocubu's Refrigeration  Ice            0%         4d7       100%        7
 Ignition                 Fire           0%         3d3       100%        8
 Sting                    Tmut/Pois      Unusable   1d3       N/A         1
 Poisonous Vapours        Pois/Air       Unusable   N/A       N/A         2
 Olgreb's Toxic Radiance  Pois           Unusable   N/A       N/A         4
 Petrify                  Tmut/Erth      Unusable   N/A       N/A         4
 Irradiate                Conj/Tmut      Unusable   3d11      N/A         5

Dungeon Overview and Level Annotations

Branches:
Dungeon (7/15)             Temple (0/1) D:6         Ossuary (visited)
 Bailey (1/1)

Altars:
Elyvilon
Okawaru
Qazlal
Ru
Sif Muna
Zin

Shops:
D:1 [


Innate Abilities, Weirdness & Mutations

You are a tree.
Your roots penetrate the ground, keeping you stationary.
You cannot be teleported.
You are immune to unholy pain and torment.
Your maximum health is greatly increased.
Your equipment is partially melded.
You sometimes lose the ability to read scrolls when taking damage.
You cannot study or cast Conjurations magic.
You cannot study or cast Poison magic.
You cannot study or cast Transmutations magic.


Message History

The ice devil hits you. The ice devil freezes you!!
You closely miss the ice devil.
The ice devil is lightly wounded.
The ice devil hits you. The ice devil freezes you!
You feel threatened and lose the ability to read scrolls!
You completely miss the ice devil.
The ice devil is lightly wounded.
The ice devil hits you but does no damage.
The kobold demonologist looks encouraged for a moment.
You hit the ice devil.
The ice devil is lightly wounded.
You hit the ice devil but do no damage.
The ice devil is lightly wounded.
The ice devil hits you but does no damage.
The kobold demonologist gestures wildly while chanting.
You hit the ice devil.
The ice devil is lightly wounded.
The ice devil hits you but does no damage.
You hit the ice devil.
The ice devil is moderately wounded.
The ice devil hits you! The ice devil freezes you!
You cannot move.
You hit the ice devil.
The ice devil is moderately wounded.
The ice devil completely misses you.
You hit the ice devil.
The ice devil is moderately wounded.
You sock the ice devil!
The ice devil is severely wounded.
The ice devil hits you. The ice devil freezes you!
You sock the ice devil!
The ice devil is almost dead.
The ice devil hits you. The ice devil freezes you!!
* * * LOW HITPOINT WARNING * * *
You hit the ice devil.
The ice devil is almost dead.
The ice devil hits you!
* * * LOW HITPOINT WARNING * * *
The ice devil freezes you!!
You die...

#≈≈≈≈≈#....#.....'.8)8.8.#....#≈
#≈≈≈≈≈#)##############...######≈
#≈≈≈≈≈))#))+ ....#......#.~≈
#≈≈≈≈≈~)#))# ....#......#.~≈
#≈≈≈≈≈~.#..# ....#####''#.~≈
#≈≈≈≈≈~.#########....##..)..#.~≈
#≈≈≈≈≈~)#..8.8..#Kg..##...).+...
#≈≈≈≈≈~∩........433..##..⌠..+...
#≈≈≈≈≈).#..8.8.♣#....##.....+...
#≈≈≈≈≈).#########..3.##.....#.~≈
#≈≈≈≈≈~.#..# ....#####)'#.~≈
#≈≈≈≈≈~.#!?# ....#...)).#.~≈
#≈≈≈≈≈).#?!+ ....#......#.~≈
#≈≈≈≈≈#.##############...######≈
#≈≈≈≈≈#....#)....'.8.8.8.# #≈
#≈≈≈≈≈#....'.....#.......# #≈
#≈≈≈≈≈#'#..############### #≈


You could see a sun demon (summoned), an ice devil (summoned), a kobold
demonologist, a neqoxec (summoned) and a goblin.

Vanquished Creatures
  2 orc knights (Bailey)
  A steam dragon (D:7)
  2 water moccasins
  10 orc warriors (Bailey)
  An ice beast (D:6)
  3 sky beasts (D:6)
  2 ogres
  2 phantoms
  2 bullfrogs (D:7)
  An elf zombie (Ossuary)
  3 scorpions (D:5)
  3 necrophages
  3 wights (D:7)
  6 killer bees (D:7)
  2 howler monkeys
  4 electric eels (Bailey)
  A hound (D:4)
  2 gnoll boudas
  A human zombie (Ossuary)
  4 orc priests
  2 centaur zombies (Ossuary)
  4 iguanas
  7 orc wizards
  Terence (D:3)
  2 mummies (Ossuary)
  12 gnolls
  10 adders
  An ufetubus (D:6)
  An adder zombie (Ossuary)
  5 worms
  4 dart slugs
  33 orcs
  7 bats
  7 endoplasms
  3 giant cockroaches
  12 hobgoblins
  7 kobolds
  3 quokkas
  10 ball pythons
  3 frilled lizards (D:1)
  23 goblins
  7 hobgoblin zombies (Ossuary)
  A jackal zombie (Ossuary)
  16 kobold zombies (Ossuary)
  5 orc zombies (Ossuary)
  4 rats
  3 rat zombies (Ossuary)
248 creatures vanquished.

Vanquished Creatures (others)
  An orc (D:7)
1 creature vanquished.

Grand Total: 249 creatures vanquished

Notes
Turn   | Place    | Note
-------+----------+-------------------------------------------
     0 | D:1      | HOAXBANE the Human Artificer began the quest for the Orb.
     0 | D:1      | Reached XP level 1. HP: 15/15 MP: 1/1
   142 | D:1      | Found Semoet's Armour Emporium.
   339 | D:1      | Reached XP level 2. HP: 14/21 MP: 2/2
  1161 | D:1      | Reached XP level 3. HP: 17/26 MP: 3/3
  2189 | D:1      | Reached XP level 4. HP: 9/32 MP: 4/4
  2492 | D:2      | Found a faded altar of an unknown god.
  3407 | D:3      | Reached XP level 5. HP: 37/37 MP: 5/5
  3926 | D:3      | Found the +7 staff of the Meek {protect, meekguard}
  4003 | D:3      | Noticed Terence
  4125 | D:3      | Found a sacrificial altar of Ru.
  4130 | D:3      | Became a worshipper of Ru the Awakened
  4155 | D:3      | Found a glowing silver altar of Zin.
  4184 | D:3      | Killed Terence
  4185 | D:3      | Reached XP level 6. HP: 41/46 MP: 4/6
  4454 | D:4      | Reached skill level 1 in Staves
  4465 | D:4      | Found a white marble altar of Elyvilon.
  4593 | D:4      | Identified the +6 mace of Buxoin {venom, Str+4 Int+3}
  4636 | D:4      | Found a stormy altar of Qazlal.
  4694 | D:4      | Reached skill level 2 in Staves
  4786 | D:4      | Reached XP level 7. HP: 53/53 MP: 7/7
  5299 | D:4      | Gained mutation: You occasionally lose the ability to read
                  | scrolls when taking damage. [Ru sacrifice]
  5299 | D:4      | Gained mutation: You sometimes lose the ability to read
                  | scrolls when taking damage. [Ru sacrifice]
  5299 | D:4      | Reached * piety under Ru
  5353 | D:5      | Entered Level 5 of the Dungeon
  5382 | D:5      | Reached skill level 3 in Staves
  5863 | D:5      | Reached skill level 4 in Staves
  6158 | D:5      | Reached skill level 5 in Fighting
  6158 | D:5      | Reached XP level 8. HP: 61/62 MP: 8/8
  6159 | D:5      | Found a shimmering blue altar of Sif Muna.
  6219 | D:5      | Reached skill level 5 in Staves
  6869 | D:5      | Found an iron altar of Okawaru.
  7000 | D:5      | Reached skill level 6 in Staves
  7222 | D:6      | Reached skill level 7 in Staves
  7252 | D:6      | Reached XP level 9. HP: 40/68 MP: 5/9
  7517 | D:6      | Reached skill level 5 in Armour
  7880 | D:6      | Found a staircase to the Ecumenical Temple.
  8322 | D:7      | Reached skill level 5 in Stealth
  8336 | D:7      | Found a sand-covered staircase.
  8341 | Ossuary  | Entered an ossuary
  8408 | Ossuary  | Gained mutation: You cannot study or cast Poison magic. [Ru
                  | sacrifice]
  8408 | Ossuary  | Gained mutation: You cannot study or cast Transmutations
                  | magic. [Ru sacrifice]
  8408 | Ossuary  | Gained mutation: You cannot study or cast Conjurations
                  | magic. [Ru sacrifice]
  8408 | Ossuary  | Reached ** piety under Ru
  8697 | D:7      | Reached skill level 8 in Staves
  8811 | D:7      | Reached XP level 10. HP: 73/74 MP: 10/10
  8816 | D:7      | Reached skill level 5 in Dodging
  8940 | D:7      | Found a flagged portal.
  8959 | Bailey   | Entered a bailey
  9182 | Bailey   | Noticed an orc knight
  9430 | Bailey   | Noticed an orc knight
  9487 | Bailey   | Killed an orc knight
  9503 | Bailey   | Killed an orc knight
  9504 | Bailey   | Reached skill level 9 in Staves
 10157 | Bailey   | Reached skill level 1 in Shields
 10177 | Bailey   | Found an iron altar of Okawaru.
 10177 | Bailey   | Noticed a kobold demonologist
 10177 | Bailey   | Noticed a kobold demonologist
 10184 | Bailey   | Noticed an ice devil
 10195 | Bailey   | Noticed a sun demon
 10201 | Bailey   | Mangled by an ice devil

Illustrated notes

Levels and vault maps discovered:
D:1:      eino_arrival_cavern_b, layout_loops_corners, serial_shops, shop
D:2:      kennysheep_the_goblin_king, layout_basic,
          chequers_ecumenical_altar_grove
D:3:      layout_basic, mainiacjoe_overflow_big_doors, pf_guarded_unrand_meek,
          uniq_terence
D:4:      layout_cave_pools, nicolae_qazlal_general_emergency,
          mainiacjoe_overflow_brackets
D:5:      layout_basic, okawaru_gym_becter, mainiacjoe_overflow_tiny_flanked
D:6:      nicolae_cairo_tiling_large_dashed, layout_basic,
          minmay_temple_entry_trees, serial_corexii_hall,
          corexii_hall_statues_x, chequers_hall_statues_y
D:7:      layout_basic, enter_bailey_5, enter_ossuary_2
Bailey:   bailey_axe_of_yendor_kennysheep, bailey

Skill      XL: |  1  2  3  4  5  6  7  8  9 10 |
---------------+-------------------------------+-----
Dodging        | 2 3 4 6 |  6.0
Armour         | 3 4 6 |  6.2
Fighting       | 2 3 5 7 |  7.0
Staves         | 2 4 7 8 9 |  9.3
Stealth        | 2 5 |  5.0
Shields        | 2 |  2.0
Evocations     | |  3.0

Action                   |  1- 3 |  4- 6 |  7- 9 | 10-12 || total
-------------------------+-------+-------+-------+-------++-------
Melee: Hand axe          |   142 |    13 |       |       ||   155
       Punch             |     1 |     3 |       |       ||     4
       War axe           |       |   116 |       |       ||   116
       Quarterstaff      |       |    58 |   370 |   200 ||   628
Throw: Dart              |       |    15 |    30 |    12 ||    57
Invok: Sacrifice Words   |       |       |     1 |       ||     1
       Sacrifice Arcana  |       |       |     1 |       ||     1
Evoke: Wand              |       |     5 |       |     2 ||     7
  Use: Scroll            |       |     6 |    13 |       ||    19
       Potion            |       |       |       |     1 ||     1
 Stab: Sleeping          |       |       |     2 |     1 ||     3
       Paralysed         |       |       |       |     9 ||     9
Armor: Scale mail        |    84 |   101 |    30 |     3 ||   218
       Leather armour    |     1 |       |       |       ||     1
       Ring mail         |       |       |   149 |    27 ||   176
       Skin              |       |       |       |     7 ||     7
Dodge: Dodged            |    61 |   109 |   196 |    67 ||   433
